 Dungeon Crawl Stone Soup version 0.20-a0-949-g916514f (webtiles) character file.

301 Lifeless the Skirmisher (level 6, 33/33 HPs)
             Began as a Vine Stalker Fighter on Apr 4, 2017.
             Got out of the dungeon alive.
             The game lasted 00:11:57 (3196 turns).

Lifeless the Skirmisher (Vine Stalker Fighter)      Turns: 3196, Time: 00:11:58

Health: 33/33      AC:  4    Str: 18    XL:     6   Next: 37%
Magic:  7/7        EV:  8    Int:  8    God:
Gold:   138        SH:  9    Dex: 16    Spells: 5/5 levels left

rFire    . . .     SeeInvis .   a - +0 long sword
rCold    . . .     Gourm    .   c - +0 shield
rNeg     . . .     Faith    .   s - -2 scale mail (curse)
rPois    .         Spirit   +   (no helmet)
rElec    .         Reflect  .   (no cloak)
rCorr    .         Harm     .   (no gloves)
MR       .....                  (no boots)
Stlth    ..........             (no amulet)
Regen    0.6/turn               (no ring)
MPRegen  0.1/turn               (no ring)

@: no status effects
A: fangs 2, regeneration 1, magic shield, antimagic bite, no potion heal 3, rot
immunity
a: no special abilities


You escaped.
You were hungry.

You visited 1 branch of the dungeon, and saw 4 of its levels.

You collected 138 gold pieces.

Inventory:

Hand Weapons
 a - a +0 long sword (weapon)
Missiles
 j - 2 throwing nets (quivered)
Armour
 c - a +0 shield (worn)
 q - a +0 chain mail
 s - a cursed -2 scale mail (worn)
Wands
 h - a wand of disintegration (8/24)
 r - a wand of confusion (46/48)
Scrolls
 e - a scroll of teleportation
 g - a scroll of fog
 k - 2 scrolls of identify
 o - a scroll of enchant weapon
Potions
 b - 2 potions of curing {unknown}
 d - 3 potions of might
 i - 2 potions of berserk rage {unknown}
 l - a potion of cancellation {unknown}
 n - a potion of mutation {unknown}
Comestibles
 f - 2 bread rations
 m - 2 meat rations
 p - a royal jelly


   Skills:
 + Level 3.8 Fighting
 * Level 3.7 Long Blades
 + Level 3.2 Armour
 + Level 2.3 Dodging
 - Level 2.6 Shields


You had 5 spell levels left.
You didn't know any spells.

Dungeon Overview and Level Annotations

Branches:
Dungeon (4/15)
 Temple: D:4-7

Altars:
Cheibriados
Kikubaaqudgha
Trog
Uskayaw


Innate Abilities, Weirdness & Mutations

You have extremely sharp teeth.
Your natural rate of healing is unusually fast.
When hurt, damage is shared between your health and your magic reserves.
Your bite disrupts and absorbs the magic of your enemies.
Potions cannot restore your health.
You are immune to rotting.


Message History

Your surroundings suddenly seem different.
You start resting.
HP restored.
You drop 2 chunks of flesh.
Unknown command.
(D) Dungeon
Where to? (Enter - D:3 @ (x,y), ? - help)
What level of the Dungeon? (default 1, ? - help)
You are feeling hungry.
(D) Dungeon
Where to? (Enter - D:1, ? - help)
There is a stone staircase leading up here.
You climb upwards.
There is a stone staircase leading down here.
There is a stone staircase leading up here.
You climb upwards.
There is a stone staircase leading down here.
There is a staircase leading out of the dungeon here.
Are you sure you want to leave the Dungeon?
This will make you lose the game!
You have escaped!

..#.#..#........................#
#.#.#..#..#.............#........
..#..............#......#........
###.#..#........###.....#........
.......#.........#......#........
.......##.#.............#........
.............#...#>..#..#...####'
##.#.>####..###.###.###.#........
..........#..#..@#...#..#.#......
.##.#####.#......................
.#......#........#.......#.#####.
.#...####.......###......#.....##
.#........#......#.......#.......
.#....###.#...................^.#
.#...>....####.#######...##.....#
.#....###.........# ######.....#
..................### #.....#


There were no monsters in sight!

Vanquished Creatures
  An ogre (D:3)
  An orc wizard (D:3)
  6 gnolls
  2 adders
  An ooze (D:1)
  3 dart slugs
  2 leopard geckos
  17 orcs
  7 bats
  7 giant cockroaches
  4 goblins
  3 hobgoblins
  4 jackals (D:1)
  8 kobolds
  7 quokkas
  5 frilled lizards
  10 rats
88 creatures vanquished.

Notes
Turn   | Place    | Note
-------+----------+-------------------------------------------
     0 | D:1      | Lifeless the Vine Stalker Fighter began the quest for the Orb.
     0 | D:1      | Reached XP level 1. HP: 11/11 MP: 2/2
   146 | D:1      | Reached XP level 2. HP: 16/16 MP: 3/3
   578 | D:1      | Reached skill level 1 in Dodging
   582 | D:1      | Reached XP level 3. HP: 17/20 MP: 4/4
  1091 | D:2      | Gained mutation: Your natural rate of healing is unusually fast. [Vine Stalker growth]
  1091 | D:2      | Reached XP level 4. HP: 22/24 MP: 5/5
  1625 | D:2      | Found a faded altar of an unknown god.
  1944 | D:3      | Reached XP level 5. HP: 24/28 MP: 6/6
  2062 | D:3      | Found a bloodstained altar of Trog.
  2142 | D:3      | Found a hide-covered altar of Uskayaw.
  2396 | D:3      | Found an ancient bone altar of Kikubaaqudgha.
  2505 | D:3      | Found a snail-covered altar of Cheibriados.
  3006 | D:4      | Noticed an ogre
  3033 | D:3      | Killed an ogre
  3033 | D:3      | Reached XP level 6. HP: 15/33 MP: 4/7
  3196 | D:$      | Got out of the dungeon alive.

Vault maps used:
D:1:      minmay_arrival_five_plusses
D:2:      chequers_ecumenical_altar_simple, serial_forest,
          infiniplex_forest_clump_curved, infiniplex_forest_lined_3,
          infiniplex_forest_zigzag_1, infiniplex_forest_pool,
          infiniplex_forest_clump_C, infiniplex_forest_straight_2,
          infiniplex_forest_end_2, infiniplex_forest_diagonal
D:3:      wad_woods_tower, cheibriados_altar_1, nicolae_overflow_crystal_walls,
          old_standard_altar, lemuel_coloured_pillars_altar
D:4:      zin_scriptorium, lemuel_crystal_altar, nicolae_elemental_shop,
          uniq_grinder

Skill      XL: |  1  2  3  4  5 |
---------------+----------------+-----
Long Blades    | 2 3 |  3.7
Fighting       | 3 |  3.8
Dodging        | 1 2 |  2.3
Armour         | 3 |  3.2
Shields        | |  2.6

Action                   |  1- 3 |  4- 6 || total
-------------------------+-------+-------++-------
Melee: Long sword        |    92 |   133 ||   225
       Bite              |    25 |    47 ||    72
Evoke: Wand              |       |     1 ||     1
  Use: Scroll            |       |     6 ||     6
  Eat: Chunk             |       |     7 ||     7
Armor: Scale mail        |    37 |     6 ||    43
       Chain mail        |       |    31 ||    31
Dodge: Dodged            |    40 |    36 ||    76
Block: Shield            |    44 |    60 ||   104
       Rpst.: Long sword |    16 |    18 ||    34
